 Dungeon Crawl Stone Soup version 0.22-a0-612-gd2f0174 (webtiles) character file.

72 Supahsalami the Skirmisher (level 4, -1/35 HPs)
             Began as a Demonspawn Abyssal Knight on July 11, 2018.
             Was a Believer of Lugonu.
             Slain by a bullfrog (2 damage)
             ... on level 4 of the Dungeon.
             The game lasted 00:07:26 (2724 turns).

Supahsalami the Skirmisher (DsAK)                   Turns: 2724, Time: 00:07:26

Health: -1/35      AC:  5    Str: 13    XL:     4   Next: 6%
Magic:  5/6        EV:  9    Int: 13    God:    Lugonu [**....]
Gold:   127        SH:  3    Dex: 13    Spells: 3/3 levels left

rFire    . . .     SeeInvis .   a - +1 hand axe
rCold    . . .     Gourm    .   l - +0 buckler
rNeg     . . .     Faith    .   h - +0 ring mail
rPois    .         Spirit   .   (no helmet)
rElec    .         Reflect  .   (no cloak)
rCorr    .         Harm     .   (no gloves)
MR       .....                  (no boots)
Stlth    +.........             (no amulet)
HPRegen  0.11/turn              f - +1 ring of slaying
MPRegen  0.10/turn              (no ring)

@: about to teleport
A: foul stench 1, rot immunity
a: Depart the Abyss, Bend Space, Renounce Religion


You were on level 4 of the Dungeon.
You worshipped Lugonu.
Lugonu was pleased with you.
You were not hungry.

You visited 1 branch of the dungeon, and saw 4 of its levels.
You visited the Abyss 1 time.

You collected 127 gold pieces.

Inventory:

Hand Weapons
 a - a +1 hand axe (weapon)
Armour
 b - a +0 leather armour
 h - a +0 ring mail (worn)
 i - a +0 scale mail
 l - a +0 buckler (worn)
 w - a +2 cloak
Jewellery
 f - a +1 ring of slaying (left hand)
Wands
 n - a wand of scattershot (4)
 s - a wand of iceblast (8)
Scrolls
 g - a scroll of identify {unknown}
 k - a scroll of remove curse {unknown}
 o - a scroll of blinking {unknown}
 p - 4 scrolls of teleportation
 q - a scroll of enchant weapon {unknown}
 u - a scroll of magic mapping {unknown}
Potions
 d - a potion of agility {unknown}
 j - 2 potions of curing {unknown}
 m - a potion of lignification {unknown}
 r - a potion of degeneration {unknown}
 v - a potion of brilliance {unknown}
Miscellaneous
 e - a fan of gales
Comestibles
 c - 6 rations
 t - 2 chunks of flesh


   Skills:
 + Level 3.4 Fighting
 * Level 2.8 Axes
 + Level 2.4 Armour
 - Level 0.8 Dodging
 + Level 3.2 Invocations


You had 3 spell levels left.
You didn't know any spells.
Your spell library was empty.

Dungeon Overview and Level Annotations

Branches:
Dungeon (4/15)
 Temple: D:4-7

Altars:
Makhleb


Innate Abilities, Weirdness & Mutations

You may emit foul miasma when damaged in melee.
You are immune to rotting.


Message History

The bullfrog barely misses you. The bullfrog barely misses you.
The bullfrog closely misses you. The bullfrog closely misses you.
You see here a club.
The bullfrog hits you.
* * * LOW HITPOINT WARNING * * *
There is an escape hatch in the floor here.
The bullfrog hits you.
* * * LOW HITPOINT WARNING * * *
The bullfrog hits you.
* * * LOW HITPOINT WARNING * * *
You slide downwards.
The hatch slams shut behind you.
You hear the hiss of flowing sand.
There is an entrance to an ossuary on this level.
Hurry and find it before the portal is buried!
Found a fuming pink potion.
Space bends around you!
You blink.
As you read the scroll of teleportation, it crumbles to dust.
You feel strangely unstable. The bullfrog hits you.
You die...

#...## #
....##
####.##....###
.....!.......+
#....# ##...#
###.# #F# #@#
#.# #.# #.#
#.# #.. ###


You could see a bullfrog.

Vanquished Creatures
  3 adders
  A worm (D:2)
  3 leopard geckos
  A ball python (D:2)
  4 giant cockroaches
  8 goblins
  4 hobgoblins
  4 bats
  A frilled lizard (D:2)
  A jackal skeleton (D:3)
  4 kobolds
  6 rats
40 creatures vanquished.

Notes
Turn   | Place    | Note
-------+----------+-------------------------------------------
     0 | Abyss:1  | Supahsalami the Demonspawn Abyssal Knight began the quest for the Orb.
     0 | Abyss:1  | Reached XP level 1. HP: 18/18 MP: 2/2
     7 | Abyss:2  | Found a corrupted altar of Lugonu.
    24 | D:1      | Escaped the Abyss
   219 | D:1      | Gained mutation: You are immune to rotting. [demonic ancestry]
   219 | D:1      | Reached XP level 2. HP: 24/24 MP: 3/3
  1044 | D:2      | Gained mutation: You may emit foul miasma when damaged in melee. [demonic ancestry]
  1044 | D:2      | Reached XP level 3. HP: 18/29 MP: 5/5
  1774 | D:2      | Reached ** piety under Lugonu
  2321 | D:3      | Reached XP level 4. HP: 25/35 MP: 6/6
  2564 | D:3      | Found a burning altar of Makhleb.
  2693 | D:3      | Noticed a bullfrog
  2724 | D:4      | Slain by a bullfrog

Vault maps used:
D:1:      lemuel_arrival_lava_pool
D:2:      minmay_pentomino_x2
D:3:      overflow_temple_1_default
D:4:      chequers_ossuary_entry_cave, ebering_ghost_sewer_f
Abyss:1:  evilmike_abyss_exit_1

Skill      XL: |  1  2 |
---------------+-------+-----
Axes           | 2 |  2.8
Armour         | 2 |  2.4
Invocations    | 3 |  3.2
Fighting       | |  3.4
Dodging        | |  0.8

Action                   |  1- 3 |  4- 6 || total
-------------------------+-------+-------++-------
Melee: Hand axe          |   121 |    11 ||   132
Invok: Bend Space        |       |     2 ||     2
  Use: Scroll            |       |     2 ||     2
  Eat: Chunk             |     4 |     2 ||     6
Armor: Leather armour    |     4 |       ||     4
       Ring mail         |    30 |     5 ||    35
Dodge: Dodged            |    61 |     6 ||    67
Block: Buckler           |    15 |     1 ||    16

Table legend:
 A = Spawn XP
 B = Non-spawn XP
 C = Spawn XP percentage of total XP
 D = Spawn monster count
 E = Non-spawn monster count
 F = Spawn count percentage of total count
 G = Total turns spent on level
                    A         B        C        D         E        F      G
               +---------+---------+-------+---------+---------+-------+---------
         Total |       0 |     103 |   0.0 |       0 |      40 |   0.0 |  2724
               +---------+---------+-------+---------+---------+-------+---------
           D:1 |       0 |      29 |   0.0 |       0 |      18 |   0.0 |   920
           D:2 |       0 |      56 |   0.0 |       0 |      18 |   0.0 |  1367
           D:3 |       0 |      18 |   0.0 |       0 |       4 |   0.0 |   410
               +---------+---------+-------+---------+---------+-------+---------
